 Dungeon Crawl Stone Soup version 0.27-a0-597-g524d869a0f (webtiles) character file.

Game seed: 2555699583843309417

1462 shoop the Fighter (level 8, -1/89 HPs)
             Began as an Ogre Berserker on Mar 12, 2021.
             Was a Priest of Trog.
             Killed from afar by an orc wizard (6 damage)
             ... with a puff of flame
             ... on level 5 of the Dungeon.
             The game lasted 00:11:58 (6501 turns).

shoop the Fighter (Ogre Berserker)                  Turns: 6501, Time: 00:11:58

Health: -1/89      AC:  4    Str: 23    XL:     8   Next: 77%
Magic:  8/8        EV: 10    Int:  8    God:    Trog [***...]
Gold:   67         SH:  0    Dex:  9    Spells: 7/7 levels left

rFire    . . .     SeeInvis .   s - +0 giant club
rCold    . . .     Faith    .   (shield currently unavailable)
rNeg     + . .     Spirit   .   b - +0 animal skin
rPois    .         Reflect  .   (helmet restricted)
rElec    .         Harm     .   j - +0 cloak
rCorr    .         Rampage  .   (gloves unavailable)
Will     ++...                  (boots unavailable)
Stlth    +.........             D - amulet of the acrobat
HPRegen  1.24/turn              B - ring of flight
MPRegen  0.11/turn              A - ring of positive energy

@: about to teleport, berserk cooldown, regenerating, slowed, very slow
A: large, unfitting armour, tough skin 1
a: Renounce Religion, Evoke Flight, Berserk, Trog's Hand


You were on level 5 of the Dungeon.
You worshipped Trog.
Trog was most pleased with you.
You visited 1 branch of the dungeon, and saw 6 of its levels.

You collected 259 gold pieces.
You spent 192 gold pieces at shops.

Inventory:

Hand Weapons
 a - a +0 mace
 r - a +0 morningstar
 s - a +0 giant club (weapon)
Missiles
 n - 18 poisoned darts (quivered)
Armour
 b - a +0 animal skin (worn)
 j - a +0 cloak (worn)
 w - a +0 tower shield
 z - a +1 cloak
Jewellery
 e - an amulet of magic regeneration
 x - a +6 ring of intelligence
 A - a ring of positive energy (left hand)
 B - a ring of flight (right hand)
 D - an amulet of the acrobat (around neck)
Wands
 u - a wand of random effects (25)
 C - a wand of flame (13)
Scrolls
 d - a scroll of enchant armour
 f - a scroll of enchant weapon {unknown}
 h - 2 scrolls of teleportation
 i - 3 scrolls of fog
 q - a scroll of immolation
 t - a scroll of silence
 y - a scroll of fear {unknown}
 E - a scroll of noise {unknown}
Potions
 c - a potion of ambrosia
 g - a potion of cancellation
 k - a potion of resistance
 l - 2 potions of brilliance
 o - a potion of curing {unknown}
 v - a potion of magic


   Skills:
 + Level 8.6 Fighting
 * Level 8.0 Maces & Flails
 - Level 3.0 Throwing
 - Level 2.6 Dodging


You had 7 spell levels left.
You didn't know any spells.
Your spell library was empty.

Dungeon Overview and Level Annotations

Branches:
Dungeon (6/15)             Temple (0/1) D:4

Altars:
Cheibriados
Elyvilon
Gozag
Hepliaklqana
Nemelex Xobeh
Sif Muna
Uskayaw
Wu Jian
Xom
Zin
The Shining One

Shops:
D:5 !**(


Innate Abilities, Weirdness & Mutations

You are too large for most types of armour.
You have tough skin. (AC +1)


Message History

* * * LOW HITPOINT WARNING * * *
Something hits you.
* * * LOW HITPOINT WARNING * * *
Unknown command.
You feel much better. Something hits you.
* * * LOW HITPOINT WARNING * * *
Something hits you.
* * * LOW HITPOINT WARNING * * *
Something hits you.
* * * LOW HITPOINT WARNING * * *
Something hits you but does no damage.
Your skin crawls.
You feel strong-willed. Something hits you but does no damage.
Something hits you.
* * * LOW HITPOINT WARNING * * *
Unknown command.
You miss something.
You hear some strange, mumbled words.
A magic dart appears from out of thin air!
The magic dart hits you.
* * * LOW HITPOINT WARNING * * *
Something hits you.
* * * LOW HITPOINT WARNING * * *
Something hits you.
* * * LOW HITPOINT WARNING * * *
Something hits you but does no damage.
Unknown command.
You miss something. Something hits you but does no damage. Something hits you.
* * * LOW HITPOINT WARNING * * *
Something hits you.
* * * LOW HITPOINT WARNING * * *
Something hits you but does no damage.
Unknown command.
Unknown command.
As you read the scroll of teleportation, it crumbles to dust.
You feel strangely unstable.
You hear some strange, mumbled words.
A puff of flame appears from out of thin air!
The puff of flame hits you.
You die...

#....##.........##).####.##....
#######.......#.##....#..#####.
#####....................
####.###.##..#######.
#.....##.########.
###.........<.....
####.........###.. #######
#>{......###..#... #.....#
#@{......##....... #.....#
#...........#...## #..∩..######
#.......##........
#..........####...............#.
#.....#.........................
#########...#.....#####.........
###.....#.# #...##....
###..##...# #...###...
#...###...######...####.


There were no monsters in sight!

Vanquished Creatures
  Eustachio (D:5)
  Menkaure (D:5)
  An orc warrior (D:5)
  2 ogres (D:4)
  A centaur (D:5)
  A phantom (D:4)
  4 gnoll sergeants (D:5)
  A wight (D:6)
  A howler monkey (D:5)
  A bullfrog zombie (D:6)
  A centaur skeleton (D:5)
  2 hounds (D:4)
  An orc priest (D:4)
  3 orc wizards
  An iguana (D:5)
  2 worker ants
  4 adders
  A howler monkey skeleton (D:5)
  A shadow imp (D:5)
  An ooze (D:4)
  An adder skeleton (D:4)
  3 dart slugs
  2 worms
  3 leopard geckos
  19 orcs
  2 giant cockroaches (D:2)
  6 hobgoblins
  2 quokkas
  3 ball pythons
  9 bats
  10 frilled lizards
  10 goblins
  6 kobolds
  11 rats
118 creatures vanquished.

Notes
Turn   | Place    | Note
-------+----------+-------------------------------------------
     0 | D:1      | shoop the Ogre Berserker began the quest for the Orb.
     0 | D:1      | Reached XP level 1. HP: 24/24 MP: 1/1
   229 | D:1      | Reached XP level 2. HP: 27/32 MP: 2/2
   772 | D:1      | Reached XP level 3. HP: 24/40 MP: 3/3
   957 | D:2      | Reached ** piety under Trog
  1282 | D:2      | Reached XP level 4. HP: 43/49 MP: 4/4
  1659 | D:2      | Found a sparkling altar of Nemelex Xobeh.
  2005 | D:3      | Reached skill level 5 in Fighting
  2388 | D:3      | Found a faded altar of an unknown god.
  2429 | D:3      | Found a hazy altar of Hepliaklqana.
  2432 | D:3      | Found a white marble altar of Elyvilon.
  2500 | D:3      | Reached XP level 5. HP: 53/57 MP: 5/5
  2650 | D:3      | Found a shimmering altar of Xom.
  2650 | D:3      | Noticed an angel
  2652 | D:3      | Found a glowing silver altar of Zin.
  2836 | D:3      | Reached *** piety under Trog
  2864 | D:3      | Found a shimmering blue altar of Sif Muna.
  2864 | D:3      | Found a snail-covered altar of Cheibriados.
  2916 | D:3      | Found an opulent altar of Gozag.
  3216 | D:4      | Reached skill level 1 in Throwing
  3221 | D:4      | Reached XP level 6. HP: 26/67 MP: 6/6
  3487 | D:4      | Reached skill level 5 in Maces & Flails
  3493 | D:5      | Entered Level 5 of the Dungeon
  3493 | D:5      | Noticed Menkaure
  3499 | D:5      | Killed Menkaure
  3500 | D:5      | Reached XP level 7. HP: 8/75 MP: 7/7
  3808 | D:5      | Found Nazefew's Weapon Shoppe.
  3825 | D:5      | Found Fualic's Assorted Antiques.
  4197 | D:5      | Found Naxeid's Assorted Antiques.
  4335 | D:5      | Noticed Eustachio
  4858 | D:4      | Reached XP level 8. HP: 87/87 MP: 8/8
  4883 | D:4      | Found a staircase to the Ecumenical Temple.
  5166 | D:4      | Found an ornate altar of the Wu Jian Council.
  5370 | D:4      | Found a glowing golden altar of the Shining One.
  5536 | D:5      | Found Ehoew's Distillery.
  5779 | D:5      | Killed Eustachio
  6424 | D:5      | Bought a runed steel amulet for 160 gold pieces
  6434 | D:5      | Bought a scroll labelled ORUFUTE TYXOPA for 32 gold pieces
  6461 | D:6      | Found a hide-covered altar of Uskayaw.
  6500 | D:5      | HP: 4/89 [something (3)]
  6501 | D:5      | Killed from afar by an orc wizard

Illustrated notes

Levels and vault maps discovered:
D:1:      dpeg_arrival_shelter, layout_basic, serial_glass, glass_columns_a,
          glass_columns_c
D:2:      layout_basic, nemelex_lonely_heart_becter
D:3:      layout_basic, grunt_temple_overflow_order_and_chaos_1,
          marbit_many_paths, grunt_temple_overflow_open,
          gammafunk_temple_overflow_wave, chequers_ecumenical_altar_simple_redux
D:4:      layout_cave_pools, nicolae_wu_jian_wuxing_cycle,
          kennysheep_little_box, temple_statues, chequers_jeans
D:5:      layout_rooms, serial_shops, shop, kennysheep_mini_moat, shop,
          nicolae_shop_behind_doors, sword_in_stone, uniq_menkaure
D:6:      layout_gridville, kennysheep_mini, basic_altar, serial_rivers,
          chequers_serial_rivers_room_b, chequers_serial_rivers_micro_c,
          chequers_serial_rivers_micro_a, chequers_serial_rivers_small_3,
          chequers_serial_rivers_large_a, st_stairs_3

Skill      XL: |  1  2  3  4  5  6  7  8 |
---------------+-------------------------+-----
Maces & Flails | 3 4 5 6 8 |  8.0
Fighting       | 5 6 7 8 |  8.6
Throwing       | 1 2 3 |  3.0
Dodging        | |  2.6

Action                   |  1- 3 |  4- 6 |  7- 9 || total
-------------------------+-------+-------+-------++-------
Melee: Mace              |    98 |   152 |       ||   250
       Morningstar       |       |     6 |    62 ||    68
       Giant club        |       |     1 |    76 ||    77
Throw: Dart              |       |     2 |    23 ||    25
Invok: Berserk           |       |     3 |     2 ||     5
       Trog's Hand       |       |       |     1 ||     1
  Use: Scroll            |       |     7 |     6 ||    13
       Potion            |       |       |     1 ||     1
Armor: Animal skin       |    25 |    47 |    60 ||   132
Dodge: Dodged            |    43 |    89 |    67 ||   199
Block: Tower shield      |       |       |    41 ||    41

Table legend: (Time is in decaauts)
 A = Elapsed time spent in this place.
 B = Non-inter-level travel time spent in this place.
 C = Inter-level travel time spent in this place.
 D = Time resting spent in this place.
 E = Time spent auto-exploring this place.
 F = Levels seen in this place.
 G = Mean time per level.
                   A        B        C        D        E       F      G
               +--------+--------+--------+--------+--------+-----+--------+
         Total |   6640 |   6452 |    188 |   1334 |   4121 |   6 | 1106.7 |
       Dungeon |   6640 |   6452 |    188 |   1334 |   4121 |   6 | 1106.7 |
               +--------+--------+--------+--------+--------+-----+--------+

Top non-repeatable levels by time:
     D:5: 2030 daAuts
     D:4: 1316 daAuts
     D:3: 1233 daAuts
     D:2: 1003 daAuts
     D:1: 971 daAuts
     D:6: 84 daAuts
